[Event "January 2 Late 2024"]
[Site "https://www.chess.com"]
[Date "2024.01.02"]
[Round "5"]
[White "Keller, Peter"]
[Black "Akhayan"]
[Result "1-0"]
[Board "184"]
[TimeControl "180+1"]
[WhiteFideId "1272105"]
[WhiteElo "2207"]
[BlackElo "2381"]
[WhiteTeam "GER"]
[WhiteClock "0:00:44"]
[BlackClock "0:00:34"]

1. d4 a6 2. g3 Nf6 3. Bg2 g6 4. e4 Bg7 5. Ne2 d6 6. h3 O-O 7. O-O Nbd7 8. a4 Rb8 9. a5 b5 10. axb6 Nxb6 11. b3 Bb7 12. Nd2 c5 13. Bb2 Qc7 14. d5 c4 15. Bd4 Nfd7 16. Bxg7 Kxg7 17. Nxc4 Nxc4 18. bxc4 Qxc4 19. Qd4+ Qxd4 20. Nxd4 Rfc8 21. Rfb1 Nc5 22. Rb6 Ba8 23. Rab1 Rxb6 24. Rxb6 a5 25. Nb3 Nd7 26. Ra6 Bb7 27. Ra7 a4 28. Rxa4 Nc5 29. Ra7 Nxb3 30. cxb3 Rb8 31. Bf1 Kf6 32. f4 g5 33. Kf2 h5 34. h4 gxh4 35. gxh4 Bc8 36. Bc4 Bg4 37. Ke3 Bd1 38. Ra1 Bg4 39. Kd4 e5+ 40. fxe5+ dxe5+ 41. Kc3 Ke7 42. b4 f5 43. exf5 Bxf5 44. Ra7+ Kd6 45. Ra6+ Ke7 46. Rh6 Bg4 47. b5 e4 48. Kd4 Bf3 49. b6 Kd7 50. b7 Rxb7 51. Rh7+ Kc8 52. Ba6 1-0

[Event "January 2 Late 2024"]
[Site "https://www.chess.com"]
[Date "2024.01.02"]
[Round "5"]
[White "Kanter, Eduard"]
[Black "Negron Lizarazo, Juan Sebastian"]
[Result "1-0"]
[Board "185"]
[TimeControl "180+1"]
[WhiteFideId "4103963"]
[BlackFideId "3936910"]
[WhiteElo "2380"]
[BlackElo "2179"]
[WhiteTeam "RUS"]
[BlackTeam "COL"]
[WhiteClock "0:00:57"]
[BlackClock "0:00:07"]

1. e4 c5 2. Nf3 d6 3. d4 cxd4 4. Nxd4 g6 5. h4 h5 6. Be3 Bg7 7. c4 Nc6 8. Nc3 Bd7 9. Be2 Nf6 10. Qd2 O-O 11. O-O Nxd4 12. Bxd4 Bc6 13. Bf3 a5 14. Rfd1 Nd7 15. Rac1 e5 16. Be3 Qxh4 17. Qxd6 Nf6 18. g3 Qh3 19. Bg2 Qg4 20. Qxe5 Nxe4 21. Qf4 Qxf4 22. Bxf4 Nxc3 23. bxc3 Bxg2 24. Kxg2 Rac8 25. Rd7 Rxc4 26. Rxb7 Rxc3 27. Rd1 Rc2 28. Rdd7 Rb2 29. Ra7 Rc8 30. Rxf7 Bd4 31. Rad7 Rxf2+ 32. Kh3 Rc1 33. Kh4 Rxf4+ 34. gxf4 Bf2+ 35. Kh3 Rh1+ 36. Kg2 1-0

[Event "January 2 Late 2024"]
[Site "https://www.chess.com"]
[Date "2024.01.02"]
[Round "5"]
[White "Porat, Tori"]
[Black "RemcoSpr"]
[Result "0-1"]
[Board "186"]
[TimeControl "180+1"]
[WhiteFideId "30982626"]
[WhiteElo "2170"]
[BlackElo "2379"]
[WhiteTeam "USA"]
[WhiteClock "0:00:14"]
[BlackClock "0:00:19"]

1. d4 Nf6 2. c4 c5 3. d5 e6 4. Nc3 exd5 5. cxd5 d6 6. Nf3 g6 7. Bg5 Bg7 8. e4 a6 9. Bd3 b5 10. O-O Bg4 11. h3 Bxf3 12. Qxf3 Nbd7 13. Qg3 Qe7 14. f4 h6 15. Bxf6 Bxf6 16. Rae1 Bh4 17. Qf3 Bxe1 18. Rxe1 O-O 19. f5 Ne5 20. Qe2 Qg5 21. Bc2 Kh8 22. Nd1 Rg8 23. Rf1 Rae8 24. f6 Nd7 25. Nf2 Nxf6 26. a4 Nxd5 27. axb5 Nf4 28. Qf3 axb5 29. Ng4 h5 30. Nf2 Ne6 31. Bd1 f5 32. Qc3+ Nd4 33. Kh1 fxe4 34. Bb3 Rgf8 35. Kg1 e3 36. Nh1 Rxf1+ 37. Kxf1 e2+ 38. Ke1 Re3 39. Qa5 Nxb3 40. Qa8+ Kg7 41. Qa7+ Re7 42. Qa2 Qc1+ 0-1

[Event "January 2 Late 2024"]
[Site "https://www.chess.com"]
[Date "2024.01.02"]
[Round "5"]
[White "KSho99"]
[Black "Rios Escobar, Adan"]
[Result "0-1"]
[Board "187"]
[TimeControl "180+1"]
[BlackFideId "3403645"]
[WhiteElo "2164"]
[BlackElo "2373"]
[BlackTeam "CHI"]
[WhiteClock "0:00:02"]
[BlackClock "0:01:37"]

1. Nf3 Nf6 2. g3 g6 3. Bg2 Bg7 4. O-O O-O 5. d4 c5 6. d5 d6 7. c4 b5 8. cxb5 a6 9. Nc3 a5 10. a4 Nbd7 11. Nd2 Nb6 12. e4 Bg4 13. Qc2 h5 14. h3 Bd7 15. b3 Qc8 16. Kh2 Nh7 17. Bb2 Ng5 18. h4 Nh7 19. Nc4 Qc7 20. Nb1 Nf6 21. Nxb6 Qxb6 22. Nd2 Rae8 23. Nc4 Qc7 24. Kg1 Bg4 25. Bc3 Ra8 26. Rae1 Nd7 27. Bxg7 Kxg7 28. Qc3+ Nf6 29. f3 Bc8 30. Re2 Kh7 31. Re3 Nd7 32. f4 Nf6 33. Rd1 Ng4 34. Re2 Bb7 35. Rdd2 Kg8 36. Re1 Nf6 37. Bf3 Bc8 38. Qe3 Bg4 39. Bxg4 Nxg4 40. Qc3 Rfd8 41. e5 dxe5 42. fxe5 Re8 43. b6 Qd8 44. Nxa5 Qxb6 45. Nc6 c4+ 46. Qd4 Qxb3 47. d6 Qxg3+ 48. Kf1 Nh2+ 49. Ke2 Qf3# 0-1

[Event "January 2 Late 2024"]
[Site "https://www.chess.com"]
[Date "2024.01.02"]
[Round "5"]
[White "th3d4rkness"]
[Black "Paragua, Megan Althea"]
[Result "0-1"]
[Board "188"]
[TimeControl "180+1"]
[BlackFideId "30973007"]
[WhiteElo "2156"]
[BlackElo "2370"]
[BlackTeam "USA"]
[WhiteClock "0:00:00"]
[BlackClock "0:00:03"]

1. d4 Nf6 2. c4 e6 3. Nf3 d5 4. g3 Be7 5. Bg2 O-O 6. O-O dxc4 7. Ne5 Nc6 8. Nxc6 bxc6 9. e3 Rb8 10. Nd2 Ba6 11. Re1 Rb6 12. Qc2 Nd5 13. a3 c5 14. dxc5 Bxc5 15. Nxc4 Bxc4 16. Qxc4 Be7 17. b4 Bf6 18. Ra2 Rd6 19. Rc2 c6 20. e4 Nb6 21. Qe2 e5 22. Be3 Re8 23. Rec1 Rd3 24. Rc3 Rxc3 25. Rxc3 Qd7 26. Rd3 Qe6 27. Bxb6 axb6 28. Qc2 h6 29. h4 Rc8 30. Rc3 Qd6 31. Rd3 Qe7 32. h5 Rc7 33. Qd1 c5 34. bxc5 bxc5 35. Bh3 c4 36. Rc3 Qc5 37. Bf1 Qb5 38. Qc2 Qa5 39. Bxc4 Kh8 40. a4 Be7 41. Qb3 Qc5 42. Rc2 Qd4 43. Bd3 Rxc2 44. Qxc2 Bc5 45. Bb5 Qa1+ 46. Kg2 Qd4 47. Qe2 Kg8 48. a5 Kf8 49. a6 Ke7 50. Qc2 g6 51. Bc6 Bb6 52. Bd5 Bc5 53. Qa2 gxh5 54. Qe2 h4 55. gxh4 h5 56. Qf3 Qd2 57. Qxf7+ Kd6 58. Qe6+ Kc7 59. Qc6+ Kd8 0-1

[Event "January 2 Late 2024"]
[Site "https://www.chess.com"]
[Date "2024.01.02"]
[Round "5"]
[White "Gao, Raymond"]
[Black "Ivanov, Aleksandr"]
[Result "0-1"]
[Board "189"]
[TimeControl "180+1"]
[WhiteFideId "2629429"]
[BlackFideId "2092980"]
[WhiteElo "2367"]
[BlackElo "2140"]
[WhiteTeam "CAN"]
[BlackTeam "USA"]
[WhiteClock "0:00:26"]
[BlackClock "0:00:43"]

1. e4 e6 2. d4 d5 3. Nd2 c5 4. exd5 Qxd5 5. Ngf3 cxd4 6. Bc4 Qd6 7. O-O Nf6 8. Nb3 Nc6 9. Nbxd4 Nxd4 10. Nxd4 a6 11. Re1 Qc7 12. Bb3 Bd6 13. Nf5 Bxh2+ 14. Kh1 O-O 15. Nxg7 Rd8 16. Qf3 Kxg7 17. Bh6+ Kg6 18. c3 Nh5 19. Bc2+ Kxh6 20. g4 Qf4 21. Qh3 Rd5 22. Re4 Qxf2 23. Bb3 Rg5 24. Rf1 Qxf1+ 25. Qxf1 Ng3+ 26. Kxh2 Nxf1+ 27. Kg2 0-1

[Event "January 2 Late 2024"]
[Site "https://www.chess.com"]
[Date "2024.01.02"]
[Round "5"]
[White "Obon Temprano, Sergi"]
[Black "Clarke, Matthew"]
[Result "1-0"]
[Board "190"]
[TimeControl "180+1"]
[WhiteFideId "2226545"]
[BlackFideId "3227804"]
[WhiteElo "2358"]
[BlackElo "2136"]
[WhiteTeam "ESP"]
[BlackTeam "AUS"]
[WhiteClock "0:00:56"]
[BlackClock "0:00:00"]

1. Nf3 d5 2. e3 c5 3. c4 d4 4. d3 Nc6 5. Be2 e5 6. O-O Nf6 7. exd4 cxd4 8. Bg5 a5 9. Nbd2 Be7 10. Rb1 Bf5 11. b3 O-O 12. Nh4 Be6 13. f4 h6 14. fxe5 hxg5 15. exf6 Bxf6 16. Nf5 Be5 17. Ne4 g6 18. Nh6+ Kg7 19. Ng4 Bxg4 20. Bxg4 f5 21. Nc5 Qe7 22. Nxb7 Qxb7 23. Bf3 Qc7 24. g3 g4 25. Bd5 Ne7 26. Bxa8 Rxa8 27. Qe2 Nc6 28. Rbe1 Rh8 29. Rf2 Rh3 30. Rg2 Kf6 31. Qf2 1-0

[Event "January 2 Late 2024"]
[Site "https://www.chess.com"]
[Date "2024.01.02"]
[Round "5"]
[White "Kleibel, Uwe"]
[Black "Gardezi, Arsal"]
[Result "0-1"]
[Board "191"]
[TimeControl "180+1"]
[WhiteFideId "1270982"]
[BlackFideId "30949521"]
[WhiteElo "2347"]
[BlackElo "2125"]
[WhiteTeam "GER"]
[BlackTeam "USA"]
[WhiteClock "0:00:12"]
[BlackClock "0:00:02"]

1. e4 d6 2. d4 g6 3. c3 Bg7 4. Nf3 Nd7 5. Bd3 e5 6. dxe5 Nxe5 7. Nxe5 Bxe5 8. O-O Ne7 9. Bh6 Be6 10. f4 Bf6 11. f5 gxf5 12. exf5 Bd5 13. Nd2 Qd7 14. Ne4 Bxe4 15. Bxe4 O-O-O 16. Qb3 d5 17. Bd3 Rhg8 18. Rf2 d4 19. c4 Be5 20. Re1 Qd6 21. Rxe5 Qxe5 22. Bf4 Qc5 23. Qa4 Nc6 24. a3 Ne5 25. b4 Qe7 26. Bf1 Kb8 27. c5 d3 28. c6 Nxc6 29. b5 Nd4 30. Bxd3 Qe1+ 31. Rf1 Nf3+ 32. Kh1 Qh4 33. gxf3 Qh3 34. Bxc7+ Kxc7 35. Qf4+ Kc8 36. Rc1+ Kd7 37. Qd4+ Ke8 38. Re1+ Kf8 39. Qc5+ Kg7 40. Qe5+ Kh6 41. Qf4+ Rg5 42. Rg1 Rg8 43. Rg3 Qh5 44. Be2 f6 45. Bf1 Qf7 46. Rh3+ Kg7 47. Qh4 Kh8 48. Rg3 Rxg3 49. hxg3 Qe7 50. Kg2 Qe5 51. Kg1 Rxg3+ 52. Bg2 Qe3+ 53. Kh2 Qg5 54. Qd4 Rxg2+ 55. Kh3 Qg3# 0-1

[Event "January 2 Late 2024"]
[Site "https://www.chess.com"]
[Date "2024.01.02"]
[Round "5"]
[White "Van der Werf, Mark"]
[Black "Carrillo Marval, Maria Angelica"]
[Result "1/2-1/2"]
[Board "192"]
[TimeControl "180+1"]
[WhiteFideId "1000470"]
[BlackFideId "3911853"]
[WhiteElo "2344"]
[BlackElo "2077"]
[WhiteTeam "NED"]
[BlackTeam "PAN"]
[WhiteClock "0:00:20"]
[BlackClock "0:00:06"]

1. Nf3 Nf6 2. c4 g6 3. Nc3 c5 4. g3 Bg7 5. Bg2 O-O 6. O-O e6 7. d4 cxd4 8. Nxd4 Nc6 9. Nc2 a6 10. b3 Ne7 11. Ba3 Re8 12. Qd2 d5 13. Bxe7 Rxe7 14. cxd5 exd5 15. Rad1 Be6 16. e4 Rd7 17. exd5 Bg4 18. Rc1 Rc8 19. Ne3 Bh6 20. Qd4 Bg7 21. Nxg4 Nxd5 22. Ne5 Nxc3 23. Qxd7 Bxe5 24. Qxd8+ Rxd8 25. Rfe1 Bf6 26. Bxb7 Nxa2 27. Rcd1 Rb8 28. Bd5 Nc3 29. Rd3 Nxd5 30. Rxd5 Rxb3 31. Rd6 Bc3 32. Re3 Rb1+ 33. Kg2 Bb4 34. Rxa6 h5 35. h4 Bd2 36. Re7 Rb2 37. Raa7 Bc3 38. Rxf7 Bd4 39. Rf4 Bxa7 40. Rf6 Rxf2+ 41. Rxf2 Bxf2 42. Kxf2 Kg7 43. Kf3 Kf6 44. Kf4 Kf7 45. Ke5 Ke7 46. Kf4 Kf6 47. Ke4 Ke6 48. Kf4 Kf6 49. Ke4 Ke6 50. Kf4 Kf6 1/2-1/2

[Event "January 2 Late 2024"]
[Site "https://www.chess.com"]
[Date "2024.01.02"]
[Round "5"]
[White "Desideri, Ricardo Maruchi"]
[Black "Jahnz, Fabian"]
[Result "0-1"]
[Board "193"]
[TimeControl "180+1"]
[WhiteFideId "2110440"]
[BlackFideId "4653300"]
[WhiteElo "1986"]
[BlackElo "2336"]
[WhiteTeam "BRA"]
[BlackTeam "GER"]
[WhiteClock "0:00:00"]
[BlackClock "0:00:22"]

1. e4 c6 2. d4 d5 3. e5 Bf5 4. h4 Qc7 5. g4 Bd7 6. Nc3 e6 7. f4 h5 8. g5 Ne7 9. Bd3 g6 10. Be3 Nf5 11. Bf2 Bb4 12. Ne2 a6 13. Qd2 Ng7 14. a3 Be7 15. Ng3 O-O 16. Nce2 c5 17. c3 Nc6 18. Bc2 b5 19. dxc5 Na5 20. b4 Nc4 21. Qd3 a5 22. O-O Bc6 23. Nd4 Rfb8 24. Kh2 Ne8 25. Nxh5 Nb2 26. Qg3 Ng7 27. Nf6+ Bxf6 28. gxf6 Nh5 29. Qg5 Kh7 30. f5 Qxe5+ 31. Kg1 exf5 32. Nxf5 Qf4 33. Qxf4 Nxf4 34. Ne7 Bd7 35. Be3 Nh5 36. Rf2 Nc4 37. Bc1 axb4 38. cxb4 Re8 39. Rg2 Nxf6 40. Bg5 Kg7 41. Bxf6+ Kxf6 42. Nxd5+ Kg7 43. Rf2 Bc6 44. Nc3 Rxa3 45. Rxa3 Nxa3 46. Bb3 Re1+ 47. Kh2 Re7 48. Kg3 Nc4 49. Bxc4 bxc4 50. Ne2 c3 51. Nd4 Ba4 52. c6 Re4 0-1

[Event "January 2 Late 2024"]
[Site "https://www.chess.com"]
[Date "2024.01.02"]
[Round "5"]
[White "Kostiukov, Alexandr"]
[Black "Thake, Conrad"]
[Result "1-0"]
[Board "194"]
[TimeControl "180+1"]
[WhiteFideId "14108100"]
[BlackFideId "5602947"]
[WhiteElo "2335"]
[BlackElo "1891"]
[WhiteTeam "UKR"]
[BlackTeam "MLT"]
[WhiteClock "0:01:44"]
[BlackClock "0:00:24"]

1. g3 d5 2. Bg2 c6 3. d3 e5 4. c4 Be6 5. cxd5 cxd5 6. d4 e4 7. Nc3 Nc6 8. Nh3 Nf6 9. Bg5 Be7 10. Nf4 O-O 11. O-O Qb6 12. Bxf6 Bxf6 13. Ncxd5 Qxd4 14. Qxd4 Bxd4 15. Nxe6 fxe6 16. Nc7 Bxb2 17. Rab1 Rac8 18. Nxe6 Rfe8 19. Rxb2 Rxe6 20. Rxb7 Nd4 21. Bh3 Nxe2+ 22. Kg2 Nd4 23. Rd1 Rc2 24. Rxd4 1-0

[Event "January 2 Late 2024"]
[Site "https://www.chess.com"]
[Date "2024.01.02"]
[Round "5"]
[White "Gulamirian, Korun"]
[Black "Poddubnyi, Viktor"]
[Result "0-1"]
[Board "195"]
[TimeControl "180+1"]
[WhiteFideId "4144899"]
[BlackFideId "4141989"]
[WhiteElo "1602"]
[BlackElo "2333"]
[WhiteTeam "RUS"]
[BlackTeam "RUS"]
[WhiteClock "0:00:09"]
[BlackClock "0:01:01"]

1. e4 g6 2. d4 Bg7 3. f4 d6 4. Nf3 Nf6 5. Nc3 O-O 6. Be2 Nc6 7. O-O e5 8. fxe5 dxe5 9. d5 Ne7 10. Be3 Ne8 11. Bb5 Nd6 12. Ba4 Nc4 13. Bc1 h6 14. Bb3 Nd6 15. Be3 f5 16. Qd2 fxe4 17. Bxh6 exf3 18. Bxg7 Kxg7 19. Qg5 fxg2 20. Qxe5+ Kg8 21. Rxf8+ Qxf8 22. Kxg2 Nef5 23. Rg1 Qe7 24. Qf4 Bd7 25. h3 Qh4 26. Kh2 Qxf4+ 0-1

[Event "January 2 Late 2024"]
[Site "https://www.chess.com"]
[Date "2024.01.02"]
[Round "5"]
[White "Pepino, Enrico"]
[Black "Gavrilov, Maxim"]
[Result "0-1"]
[Board "196"]
[TimeControl "180+1"]
[WhiteFideId "810908"]
[BlackFideId "24271454"]
[WhiteElo "2059"]
[BlackElo "2484"]
[WhiteTeam "ITA"]
[BlackTeam "RUS"]
[WhiteClock "0:00:00"]
[BlackClock "0:00:04"]

1. c4 e6 2. Nc3 d5 3. d4 Nf6 4. Bg5 Be7 5. e3 O-O 6. cxd5 exd5 7. Bd3 h6 8. Bh4 c6 9. Qc2 Nbd7 10. Nf3 Re8 11. O-O Ne4 12. Bxe7 Qxe7 13. Nd2 Ndf6 14. Rab1 a5 15. a3 b5 16. Ne2 Bd7 17. Rbc1 b4 18. axb4 Qxb4 19. Bxe4 dxe4 20. Qc3 Reb8 21. Rc2 Nd5 22. Qxb4 Nxb4 23. Rc3 Nd5 24. Rc2 Nb4 25. Rc3 f5 26. f3 Nd5 27. Ra3 Rxb2 28. Rd1 exf3 29. gxf3 Nb4 30. Nc3 Nc2 31. Rb3 Rxb3 32. Nxb3 Nxe3 33. Ra1 Nc4 34. Na4 Be6 35. Nbc5 Bd5 36. Rb1 Bxf3 37. Rb7 Bd5 38. Kf2 Re8 39. Ra7 g5 40. Nd7 Kh8 41. Nac5 Rd8 42. Nf6 Bg8 43. Rc7 Rxd4 44. Rc8 Kg7 45. Nxg8 Nd6 46. Rc7+ Kxg8 47. Ne6 Ne8 0-1

[Event "January 2 Late 2024"]
[Site "https://www.chess.com"]
[Date "2024.01.02"]
[Round "5"]
[White "Micic, Aleksa"]
[Black "Reinecke, Katharina"]
[Result "1-0"]
[Board "197"]
[TimeControl "180+1"]
[WhiteFideId "989940"]
[BlackFideId "12929727"]
[WhiteElo "2421"]
[BlackElo "2020"]
[WhiteTeam "SRB"]
[BlackTeam "GER"]
[WhiteClock "0:02:11"]
[BlackClock "0:00:31"]

1. e4 c6 2. d4 d5 3. e5 Bf5 4. h4 h5 5. Bg5 f6 6. Bf4 e6 7. Bd3 Bxd3 8. Qxd3 Qa5+ 9. Nd2 Ne7 10. Nf3 Qa6 11. c4 Nd7 12. O-O Nf5 13. Rfe1 Kf7 14. exf6 gxf6 15. Rxe6 Kxe6 16. Re1+ Kf7 17. Qxf5 Rd8 18. Ng5+ Kg8 19. Qg6+ Bg7 20. Re8+ Nf8 21. Qf7# 1-0

[Event "January 2 Late 2024"]
[Site "https://www.chess.com"]
[Date "2024.01.02"]
[Round "5"]
[White "Nithyalakshmi, Sivanesan"]
[Black "Fareh, Youness"]
[Result "0-1"]
[Board "198"]
[TimeControl "180+1"]
[WhiteFideId "5706955"]
[BlackFideId "9000526"]
[WhiteElo "2262"]
[BlackElo "2007"]
[WhiteTeam "MAS"]
[BlackTeam "MAR"]
[WhiteClock "0:00:12"]
[BlackClock "0:00:26"]

1. e4 c5 2. Nf3 e6 3. d4 cxd4 4. Nxd4 Nf6 5. Nc3 Nc6 6. Bg5 Bb4 7. Nxc6 bxc6 8. e5 Qa5 9. Qd4 Nd5 10. Bd2 c5 11. Qc4 Bb7 12. Bd3 Nxc3 13. bxc3 Ba3 14. O-O Bd5 15. Qg4 c4 16. Bxc4 Bxc4 17. Qxc4 O-O 18. Qg4 Kh8 19. f4 Bb2 20. Rad1 Bxc3 21. Bc1 Qxa2 22. Rd3 Qxc2 23. Rg3 Rg8 24. h4 Bd4+ 25. Kh1 Qc4 26. f5 Qxf1+ 27. Kh2 Qxf5 28. Qf4 Qxf4 0-1

[Event "January 2 Late 2024"]
[Site "https://www.chess.com"]
[Date "2024.01.02"]
[Round "5"]
[White "MiguelEduardoGB"]
[Black "Anna20240"]
[Result "1-0"]
[Board "199"]
[TimeControl "180+1"]
[WhiteElo "2198"]
[BlackElo "1940"]
[WhiteClock "0:00:17"]
[BlackClock "0:00:00"]

1. b3 d5 2. Bb2 c5 3. Nf3 Nc6 4. e3 Nf6 5. Bb5 Bg4 6. O-O e6 7. d3 Bd6 8. Nbd2 O-O 9. Bxc6 bxc6 10. Qe1 Rb8 11. Ne5 Bh5 12. f4 Qc7 13. Ndf3 Bxf3 14. Rxf3 Nd7 15. Nxd7 Qxd7 16. Rg3 f6 17. Qe2 e5 18. Qf3 Qf5 19. Rf1 c4 20. dxc4 exf4 21. cxd5 cxd5 22. exf4 Bc5+ 23. Kh1 Rfe8 24. Qd3 Qxd3 25. Rxd3 Rbd8 26. Rfd1 Re2 27. R3d2 Rxd2 28. Rxd2 Be3 29. Rd1 Bxf4 30. g3 Be5 31. Ba3 Kf7 32. Bc5 a6 33. Kg2 Rc8 34. b4 Ke6 35. Kf3 Bd6 36. Bxd6 Kxd6 37. Rd2 Rc3+ 38. Rd3 Rxc2 39. Ra3 Rc6 40. Ke3 Rb6 41. Rb3 Ke5 42. a4 d4+ 43. Kd3 Kd5 44. Rb1 h5 45. h3 Re6 46. b5 Re3+ 47. Kd2 axb5 48. axb5 Rxg3 49. b6 Rg2+ 50. Kd3 Rg3+ 51. Kd2 Rg2+ 52. Kd3 Rg3+ 53. Ke2 Rg2+ 54. Kf3 Rd2 55. b7 Rd3+ 56. Ke2 Re3+ 57. Kf2 Re8 58. b8=Q Rxb8 59. Rxb8 Kc4 60. Ke2 d3+ 61. Kd2 g5 62. Rh8 g4 63. Rc8+ 1-0

[Event "January 2 Late 2024"]
[Site "https://www.chess.com"]
[Date "2024.01.02"]
[Round "5"]
[White "Dias, Joao Batista"]
[Black "Mesquita, Eduardo Barbosa"]
[Result "0-1"]
[Board "200"]
[TimeControl "180+1"]
[WhiteFideId "2108240"]
[BlackFideId "22757163"]
[WhiteElo "1986"]
[BlackElo "2456"]
[WhiteTeam "BRA"]
[BlackTeam "BRA"]
[WhiteClock "0:00:02"]
[BlackClock "0:01:40"]

1. e4 c5 2. Nf3 d6 3. d4 cxd4 4. Nxd4 Nf6 5. Nc3 a6 6. Be3 e6 7. f3 b5 8. Bd3 Nbd7 9. Nce2 Bb7 10. c3 d5 11. exd5 Nxd5 12. Bf2 Ne5 13. O-O Bc5 14. Bc2 Nc4 15. Rb1 Nce3 16. Qd3 Nxf1 17. Rxf1 Nb6 18. Rd1 g6 19. b4 Be7 20. Qe3 Nd5 21. Qh6 Bf8 22. Qh3 Bg7 23. Kh1 O-O 24. Bb3 Qb6 25. Bg1 Qc7 26. Rc1 Rfd8 27. a3 Rac8 28. Qh4 Bf6 29. Qf2 e5 30. Bxd5 Rxd5 31. Nb3 Be7 32. h4 Qc4 33. Qb6 Qxh4+ 34. Bh2 Rd7 35. Na5 Bd8 36. Qe3 Bg5 37. f4 exf4 38. Nxf4 Re7 39. Qd4 Re4 40. Qd6 Bxf4 41. g3 Re1# 0-1

[Event "January 2 Late 2024"]
[Site "https://www.chess.com"]
[Date "2024.01.02"]
[Round "5"]
[White "Aung Thant Zin"]
[Black "Balla, Tamas-Kristof"]
[Result "0-1"]
[Board "201"]
[TimeControl "180+1"]
[WhiteFideId "13000063"]
[BlackFideId "1208497"]
[WhiteElo "2109"]
[BlackElo "2455"]
[WhiteTeam "MYA"]
[BlackTeam "ROU"]
[WhiteClock "0:01:30"]
[BlackClock "0:01:28"]

1. e4 c5 2. Nf3 Nc6 3. Bb5 Nf6 4. e5 Nd5 5. Nc3 Nc7 6. Bxc6 dxc6 7. h3 h6 8. O-O Bf5 9. d3 e6 10. Re1 Be7 11. Bd2 O-O 12. Ne4 b6 13. Bf4 Nd5 14. Bg3 a5 15. a3 Qd7 16. c4 Nc7 17. Qb3 Rab8 18. Rad1 Rfd8 19. d4 cxd4 20. Nxd4 Bxe4 21. Rxe4 c5 22. Qc3 cxd4 23. Rexd4 Qc6 24. b4 Rxd4 25. Rxd4 axb4 26. axb4 Nb5 0-1

[Event "January 2 Late 2024"]
[Site "https://www.chess.com"]
[Date "2024.01.02"]
[Round "5"]
[White "Quirke, Jeffrey"]
[Black "Kubatko, Ivan"]
[Result "1-0"]
[Board "202"]
[TimeControl "180+1"]
[WhiteFideId "2013029"]
[BlackFideId "24111473"]
[WhiteElo "2071"]
[BlackElo "2351"]
[WhiteTeam "USA"]
[BlackTeam "RUS"]
[WhiteClock "0:00:45"]
[BlackClock "0:00:30"]

1. e4 d5 2. exd5 Qxd5 3. Nc3 Qa5 4. Nf3 Nf6 5. Be2 Bg4 6. b4 Qb6 7. a4 Qd6 8. Ba3 e6 9. b5 Qd8 10. Bxf8 Kxf8 11. O-O Nbd7 12. h3 Bh5 13. a5 Kg8 14. a6 bxa6 15. Rxa6 Nb6 16. Qa1 Qb8 17. g4 Bg6 18. Ne5 Nfd5 19. Nc6 Qb7 20. Nxd5 Nxd5 21. c4 Nf4 22. Bf3 Kf8 23. Qa3+ 1-0

[Event "January 2 Late 2024"]
[Site "https://www.chess.com"]
[Date "2024.01.02"]
[Round "5"]
[White "Prokhorov, Oleksandr"]
[Black "De Souza, Arthur Olintho"]
[Result "1-0"]
[Board "203"]
[TimeControl "180+1"]
[WhiteFideId "14105578"]
[BlackFideId "2116200"]
[WhiteElo "2328"]
[BlackElo "2068"]
[WhiteTeam "UKR"]
[BlackTeam "BRA"]
[WhiteClock "0:01:51"]
[BlackClock "0:00:41"]

1. d4 d5 2. c4 Bf5 3. Nc3 e6 4. cxd5 exd5 5. Qb3 Nc6 6. Nf3 Nb4 7. e4 dxe4 8. Ne5 Be6 9. Qa4+ c6 10. a3 Qxd4 11. axb4 Qxe5 12. b5 Bd7 13. bxc6 Bxc6 14. Bb5 Bxb5 15. Nxb5 Ke7 16. Bd2 f5 17. O-O Kf7 18. Qc4+ Qe6 19. Qxe6+ Kxe6 20. Nc7+ 1-0

[Event "January 2 Late 2024"]
[Site "https://www.chess.com"]
[Date "2024.01.02"]
[Round "5"]
[White "Marino Bravo, Miguel Angel"]
[Black "HouseOfDurin"]
[Result "1-0"]
[Board "204"]
[TimeControl "180+1"]
[WhiteFideId "2208970"]
[WhiteElo "2025"]
[BlackElo "2242"]
[WhiteTeam "ESP"]
[WhiteClock "0:00:50"]
[BlackClock "0:00:19"]

1. d4 Nf6 2. Bf4 c5 3. e3 cxd4 4. exd4 g6 5. Nc3 Bg7 6. Qd2 O-O 7. O-O-O Re8 8. Bh6 Bh8 9. h4 d5 10. h5 Ne4 11. Nxe4 dxe4 12. hxg6 hxg6 13. Bc4 e6 14. Bg5 Bf6 15. Bxf6 Qxf6 16. Qh6 a6 17. Ne2 b5 18. Bb3 Bb7 19. d5 exd5 20. Bxd5 Bxd5 21. Rxd5 Nc6 22. Rd6 Qg7 23. Qxg7+ Kxg7 24. Rxc6 e3 25. fxe3 Rxe3 26. Nf4 Rae8 27. Rf1 g5 28. Nh5+ Kf8 29. Rc7 Re1+ 30. Rxe1 Rxe1+ 31. Kd2 Rg1 32. g3 f5 33. Rc5 f4 34. Rxg5 f3 35. Rf5+ Ke7 36. Rxf3 Rg2+ 37. Kd3 Kd6 38. Nf4 Rh2 39. Re3 a5 40. a4 bxa4 41. Re4 Kc6 42. Rxa4 Kb5 43. Re4 Rh1 44. b3 Rd1+ 45. Kc3 Rg1 46. Re5+ Ka6 47. Ne2 Rg2 48. Kc4 Rf2 49. Re6+ Kb7 50. c3 Rf5 51. g4 Rf2 52. g5 Rg2 53. g6 Rg4+ 54. Kd5 Rg5+ 55. Kd6 Rg2 56. Ke7 a4 57. bxa4 Kc7 58. Kf7 Rf2+ 59. Rf6 Rxe2 60. g7 Rg2 61. g8=Q Rxg8 62. Kxg8 Kd7 63. Kf7 1-0

[Event "January 2 Late 2024"]
[Site "https://www.chess.com"]
[Date "2024.01.02"]
[Round "5"]
[White "Andersson, Bjorn 1971"]
[Black "Vujcic, Milena"]
[Result "1-0"]
[Board "205"]
[TimeControl "180+1"]
[WhiteFideId "1702114"]
[BlackFideId "954748"]
[WhiteElo "2226"]
[BlackElo "2021"]
[WhiteTeam "SWE"]
[BlackTeam "SRB"]
[WhiteClock "0:01:22"]
[BlackClock "0:01:44"]

1. e4 e5 2. Nf3 Nc6 3. d4 exd4 4. Bb5 Nf6 5. O-O Be7 6. e5 Ne4 7. Re1 Nc5 8. Nxd4 Nxd4 9. Qxd4 O-O 10. Nc3 c6 11. Bf1 d5 12. exd6 Bxd6 13. Bf4 Ne6 14. Qxd6 Qb6 15. Be5 Rd8 16. Qa3 Bd7 17. Rad1 Be8 18. Na4 Qa5 19. Bc3 Qh5 20. Rxd8 Rxd8 21. Qe7 b5 22. Rxe6 1-0

[Event "January 2 Late 2024"]
[Site "https://www.chess.com"]
[Date "2024.01.02"]
[Round "5"]
[White "Rose, Felix"]
[Black "Oliveira, Tiago Batista"]
[Result "1-0"]
[Board "206"]
[TimeControl "180+1"]
[WhiteFideId "5105722"]
[BlackFideId "2108291"]
[WhiteElo "2221"]
[BlackElo "2020"]
[WhiteTeam "MEX"]
[BlackTeam "BRA"]
[WhiteClock "0:01:12"]
[BlackClock "0:00:00"]

1. e4 e5 2. Nf3 Nc6 3. Bc4 Bc5 4. c3 d6 5. d4 exd4 6. cxd4 Bb6 7. h3 Nf6 8. Nc3 h6 9. O-O O-O 10. Bb3 Re8 11. Re1 Bd7 12. a3 a6 13. Qd3 Ne7 14. Bc2 Ng6 15. e5 dxe5 16. dxe5 Nh5 17. g4 Ng3 18. Kg2 Bc6 19. Qxd8 1-0

[Event "January 2 Late 2024"]
[Site "https://www.chess.com"]
[Date "2024.01.02"]
[Round "5"]
[White "Winkels, Marcel"]
[Black "Clawitter, Craig"]
[Result "0-1"]
[Board "207"]
[TimeControl "180+1"]
[WhiteFideId "1003887"]
[BlackFideId "2023105"]
[WhiteElo "2008"]
[BlackElo "2216"]
[WhiteTeam "NED"]
[BlackTeam "USA"]
[WhiteClock "0:00:00"]
[BlackClock "0:00:11"]

1. e4 e6 2. d4 d5 3. Nc3 Bb4 4. exd5 exd5 5. Bd3 Nf6 6. Ne2 O-O 7. O-O Re8 8. Bg5 c6 9. Nf4 h6 10. Bxf6 Qxf6 11. Nfe2 Nd7 12. a3 Bd6 13. Qd2 Nf8 14. f4 Ne6 15. Ng3 Nxf4 16. Nh5 Qxd4+ 17. Kh1 Nxd3 18. cxd3 Bg4 19. Nf4 Qe3 20. Qxe3 Rxe3 21. h3 Bd7 22. d4 Rae8 23. Rad1 Bxf4 24. Rxf4 Re1+ 25. Rf1 Rxf1+ 26. Rxf1 Re3 27. Na4 b6 28. Rd1 Re2 29. b4 Ra2 30. Rd3 c5 31. dxc5 Bxa4 32. Rxd5 Rxa3 33. Rd6 bxc5 34. bxc5 Rc3 35. Ra6 Bb5 36. Rxa7 Rxc5 37. Ra8+ Kh7 38. Ra2 Bc4 0-1